 Dungeon Crawl Stone Soup version 0.22-a0-558-gc2241811a9 (webtiles) character file.

599 Banto the Covert (level 7, -5/41 HPs)
             Began as an Octopode Earth Elementalist on June 26, 2018.
             Was an Initiate of Vehumet.
             Slain by a centaur (10 damage)
             ... while paralysed
             ... on level 5 of the Dungeon.
             The game lasted 00:07:19 (4833 turns).

Banto the Covert (Octopode Earth Elementalist)      Turns: 4833, Time: 00:07:19

Health: -5/41      AC:  1    Str:  7    XL:     7   Next: 41%
Magic:  10/10      EV:  2    Int: 20    God:    Vehumet [......]
Gold:   292        SH:  0    Dex: 12    Spells: 3/10 levels left

rFire    . . .     SeeInvis .   a - +1 short sword
rCold    + . .     Gourm    .   (no shield)
rNeg     . . .     Faith    .   (helmet restricted)
rPois    .         Spirit   .   (no amulet)
rElec    .         Reflect  .   f - ring of protection from cold
rCorr    .         Harm     .   k - +2 ring of slaying
MR       .....                  p - ring of stealth
Stlth    ++++++....             (no ring)
HPRegen  0.13/turn              (no ring)
MPRegen  0.12/turn              (no ring)
                                (no ring)
                                (no ring)

@: paralysed, fainting
A: almost no armour, stealthy swim, amphibious, 8 rings, constrict 8, camouflage
1, gelatinous body 1
a: Renounce Religion


You were on level 5 of the Dungeon.
You worshipped Vehumet.
Vehumet was noncommittal.
You were fainting.

You visited 2 branches of the dungeon, and saw 6 of its levels.

You collected 292 gold pieces.

Inventory:

Hand Weapons
 a - a +1 short sword (weapon)
Missiles
 b - 83 stones (quivered)
 l - a throwing net
Armour
 v - a +0 buckler
Jewellery
 f - a ring of protection from cold (left tentacle)
 k - a +2 ring of slaying (right tentacle)
 p - a ring of stealth (on tentacle)
 s - an uncursed ring of fire
 u - an uncursed ring of protection from cold
Wands
 o - a wand of digging (13)
 r - a wand of flame (14)
Scrolls
 d - 3 scrolls of identify
 g - a scroll of fear
 h - 2 scrolls of enchant weapon
 j - 4 scrolls of teleportation
 n - 4 scrolls of remove curse
 t - a scroll of enchant armour
Potions
 e - a potion of invisibility
 i - a potion of lignification
 m - a potion of heal wounds
 q - 2 potions of haste
 w - a potion of might {unknown}
Comestibles
 c - 12 rations


   Skills:
 - Level 2.0 Dodging
 + Level 8.2 Stealth
 - Level 2.0 Spellcasting
 - Level 1.0 Transmutations
 + Level 6.2 Earth Magic


You had 3 spell levels left.
You knew the following spells:

 Your Spells              Type           Power        Failure   Level  Hunger
a - Sandblast             Erth           ####..       1%          1    #......
b - Passwall              Tmut/Erth      ###.....     5%          2    ##.....
c - Petrify               Tmut/Erth      ###.....     34%         4    #####..

Your spell library contained the following spells:

 Spells                   Type           Power        Failure   Level  Hunger
 Stone Arrow              Conj/Erth      ##....       13%         3    ###....
 Lee's Rapid Deconstruct  Erth           ####......   32%         5    ######.


Dungeon Overview and Level Annotations

Branches:
Dungeon (5/15)             Temple (1/1) D:5

Altars:
Ashenzari
Cheibriados
Dithmenos
Elyvilon
Fedhas
Hepliaklqana
Kikubaaqudgha
Makhleb
Okawaru
Qazlal
Ru
Uskayaw
Vehumet
Xom
Yredelemnul

Annotations:
D:2 Sigmund


Innate Abilities, Weirdness & Mutations

You cannot wear most types of armour.
You are very stealthy in the water. (Stealth+)
You are amphibious.
You can wear up to eight rings at the same time.
You can use your tentacles to constrict eight enemies at once.
Your skin changes colour to match your surroundings (Stealth+).
Your rubbery body absorbs attacks. (AC +1, EV +1)


Message History

You hit the centaur but do no damage.
The centaur is severely wounded.
You are fainting from starvation!
The centaur hits you. The centaur closely misses you.
You take 4 damage, and have 37/41 hp.
You hit the centaur but do no damage.
The centaur is severely wounded.
The centaur closely misses you. The centaur barely misses you.
You barely miss the centaur. You squeeze the centaur.
The centaur is almost dead.
You lose consciousness!
The centaur hits you. The centaur hits you. The centaur hits you!
The centaur hits you. The centaur hits you. x2
* * * LOW HITPOINT WARNING * * *
The centaur hits you.
* * * LOW HITPOINT WARNING * * *
The centaur hits you!
You die...

##.#.# #..# .....# #..#
##.### #..# ##.# #.. ...#
#.############## #
########..............#.#
........................#
####################.#..#
......c@..#.# .#
#########.#.# # #.#.#
#.#.# #.#.# #.#.#
#################.#.#
#...............#.#.#
##.#############.#.#(#


You could see a centaur.

Vanquished Creatures
  A phantom (D:4)
  2 scorpions
  An orc priest (D:4)
  An orc wizard (D:3)
  Crazy Yiuf (D:3)
  A hound skeleton (D:4)
  11 gnolls (D:3)
  11 adders
  An adder zombie (D:5)
  An adder skeleton (D:4)
  2 worms (D:4)
  2 dart slugs
  4 leopard geckos
  9 orcs
  4 ball pythons (D:2)
  7 giant cockroaches
  7 hobgoblins
  4 jackals
  2 kobolds
  5 bats
  7 frilled lizards
  4 goblins
  A jackal skeleton (D:4)
  A quokka zombie (D:5)
  7 rats
97 creatures vanquished.

Notes
Turn   | Place    | Note
-------+----------+-------------------------------------------
     0 | D:1      | Banto the Octopode Earth Elementalist began the quest for the Orb.
     0 | D:1      | Reached XP level 1. HP: 11/11 MP: 3/3
    68 | D:1      | Reached skill level 3 in Stealth
   375 | D:1      | Reached XP level 2. HP: 17/17 MP: 5/5
  1085 | D:2      | Noticed Sigmund
  1199 | D:2      | Reached XP level 3. HP: 21/21 MP: 6/6
  1253 | D:2      | Reached skill level 4 in Stealth
  1389 | D:2      | Learned a level 2 spell: Passwall
  1416 | D:2      | Reached XP level 4. HP: 25/27 MP: 7/7
  1548 | D:2      | Found a shattered altar of Ashenzari.
  1613 | D:2      | Reached skill level 5 in Stealth
  1938 | D:2      | Found an iron altar of Okawaru.
  1940 | D:2      | Found a shimmering altar of Xom.
  1953 | D:2      | Learned a level 4 spell: Petrify
  2007 | D:3      | Found a sacrificial altar of Ru.
  2014 | D:2      | Reached XP level 5. HP: 30/31 MP: 8/8
  2291 | D:3      | Reached skill level 6 in Stealth
  2507 | D:3      | Reached skill level 5 in Earth Magic
  2558 | D:3      | Reached XP level 6. HP: 23/36 MP: 9/9
  2806 | D:3      | Found a basalt altar of Yredelemnul.
  3043 | D:3      | Found a runed door.
  3254 | D:3      | Noticed Crazy Yiuf
  3261 | D:3      | Killed Crazy Yiuf
  3454 | D:4      | Noticed a phantom
  3456 | D:4      | Reached skill level 7 in Stealth
  3728 | D:4      | Killed a phantom
  3728 | D:4      | Reached XP level 7. HP: 41/41 MP: 6/10
  3890 | D:4      | Reached skill level 8 in Stealth
  4199 | D:5      | Entered Level 5 of the Dungeon
  4553 | D:5      | Found a staircase to the Ecumenical Temple.
  4565 | Temple   | Entered the Ecumenical Temple
  4629 | Temple   | Became a worshipper of Vehumet
  4828 | D:5      | Paralysed by fainting for 7 turns
  4833 | D:5      | Slain by a centaur

Vault maps used:
D:1:      nicolae_arrival_memento_mori
D:2:      nicolae_overflow_hidden_temple, minmay_snake_closets, uniq_sigmund
D:3:      overflow_temple_1_default, yredelemnul_altar_generic, first_ration,
          mrwooster_statue_mirror, uniq_crazy_yiuf_cottage
D:4:      serial_forest, infiniplex_forest_split, infiniplex_forest_end_3,
          infiniplex_forest_straight_5, infiniplex_forest_lined_room_3,
          infiniplex_forest_3_way, infiniplex_forest_corner_2,
          infiniplex_forest_clump_curved, serial_bayou_pond_b
D:5:      nicolae_overflow_crystal_walls, grunt_temple_overflow_open,
          minmay_temple_entry_glass, serial_shops, nicolae_shop_statue_plus
Temple:   zaba_magenta_temple

Skill      XL: |  1  2  3  4  5  6  7 |
---------------+----------------------+-----
Stealth        | 3 4 5 6 7 8 |  8.2
Earth Magic    | 4 5 6 |  6.2
Dodging        | |  2.0
Spellcasting   | |  2.0
Transmutations | |  1.0

Action                   |  1- 3 |  4- 6 |  7- 9 || total
-------------------------+-------+-------+-------++-------
Melee: Unarmed           |    12 |       |       ||    12
       Constrict         |    10 |    20 |     8 ||    38
       Tentacles         |     9 |     7 |     4 ||    20
       Short sword       |    38 |    76 |    41 ||   155
 Cast: Sandblast         |     5 |    26 |     7 ||    38
       Passwall          |       |    12 |       ||    12
       Petrify           |       |     1 |       ||     1
  Use: Scroll            |     7 |     3 |     2 ||    12
 Stab: Sleeping          |    14 |    23 |     7 ||    44
  Eat: Chunk             |     2 |     8 |     1 ||    11
Armor: Skin              |     4 |     6 |     2 ||    12
Dodge: Dodged            |    32 |    48 |    26 ||   106

Table legend:
 A = Spawn XP
 B = Non-spawn XP
 C = Spawn XP percentage of total XP
 D = Spawn monster count
 E = Non-spawn monster count
 F = Spawn count percentage of total count
 G = Total turns spent on level
                    A         B        C        D         E        F      G
               +---------+---------+-------+---------+---------+-------+---------
         Total |       0 |     857 |   0.0 |       0 |      97 |   0.0 |  4833
               +---------+---------+-------+---------+---------+-------+---------
           D:1 |       0 |      31 |   0.0 |       0 |      18 |   0.0 |  1134
           D:2 |       0 |     137 |   0.0 |       0 |      24 |   0.0 |   976
           D:3 |       0 |     279 |   0.0 |       0 |      30 |   0.0 |  1447
           D:4 |       0 |     328 |   0.0 |       0 |      21 |   0.0 |   978
           D:5 |       0 |      82 |   0.0 |       0 |       4 |   0.0 |   218
               +---------+---------+-------+---------+---------+-------+---------

Table legend:
 A = Turns spent in this place as a percentage of turns spent in the entire game.
 B = Non-inter-level travel turns spent in this place as a percentage of non-inter-level travel turns spent in the entire game.
 C = Inter-level travel turns spent in this place as a percentage of turns spent in this place.
 D = Turns resting spent in this place as a percentage of non-inter-level travel turns spent in this place.
 E = Turns spent auto-exploring this place as a percentage of non-inter-level travel turns spent in this place.
 F = Non-inter-level travel turns spent in this place divided by the number of levels of this place that you've seen.
                   A       B       C       D       E      F
               +-------+-------+-------+-------+-------+----------------------
         Total | 100.0 | 100.0 |   6.9 |  32.3 |  40.9 | 749.7
       Dungeon |  98.3 |  98.5 |   6.8 |  32.8 |  40.2 | 886.4
        Temple |   1.7 |   1.5 |  17.5 |   0.0 |  86.4 |  66.0
               +-------+-------+-------+-------+-------+----------------------

Table legend:
 A = Kills in this place as a percentage of kills in entire the game.
 B = Kills by you in this place as a percentage of kills by you in the entire game.
 C = Kills by friends in this place as a percentage of kills by friends in the entire game.
 D = Other kills in this place as a percentage of other kills in the entire game.
 E = Experience gained in this place as a percentage of experience gained in the entire game.
 F = Experience gained in this place divided by the number of levels of this place that you have seen.
                   A       B       C       D       E      F
               +-------+-------+-------+-------+-------+----------------------
         Total | 100.0 | 100.0 |   N/A |   N/A | 100.0 | 142.8
       Dungeon | 100.0 | 100.0 |   N/A |   N/A | 100.0 | 171.4
               +-------+-------+-------+-------+-------+----------------------
